 Dungeon Crawl Stone Soup version 0.32-a0-683-ge26c5dbc97 (webtiles) character file.

Game seed: 10996857755765661221

127350 Essalna the Earth Mage (level 17, 0/117 HPs)
             Began as a Gargoyle Fire Elementalist on Mar 12, 2024.
             Was a High Priest of Vehumet.
             Killed from afar by a deep elf knight (11 damage)
             ... with a shard of ice
             ... on level 2 of the Elven Halls.
             The game lasted 01:08:09 (29034 turns).

Essalna the Earth Mage (GrFE)                      Turns: 29034, Time: 01:08:10

Health: 0/117      AC: 25    Str: 17    XL:     17   Next: 0%
Magic:  4/27       EV: 12    Int: 22    God:    Vehumet [*****.]
Gold:   1599       SH:  5    Dex: 10    Spells: 3/30 levels left

rFire   + . .        t - +7 dagger of Circular Logic {freeze, rF+ rC+ Str+3}
rCold   + . .        b - crystal ball of Wucad Mu {*channel}
rNeg    + . .        G - +2 robe {Will+}
rPois   ∞            y - +0 helmet
rElec   +            w - +0 cloak
rCorr   .            (no gloves)
SInv    .            z - +0 pair of boots
Will    +++..        A - amulet of reflection
Stlth   +            r - +4 ring of protection
HPRegen 0.39/turn    V - ring of willpower
MPRegen 0.20/turn

%: reflection, channel magic (40%)
@: on fire, on blink cooldown, flying, very slightly contaminated, glowing
A: sickness immunity, AC +12, big wings, negative energy resistance 1,
electricity resistance, torment resistance 1, petrification resistance
a: Renounce Religion


You were on level 2 of the Elven Halls.
You worshipped Vehumet.
Vehumet was extremely pleased with you.
You visited 5 branches of the dungeon, and saw 23 of its levels.
You also visited: Bailey.

You collected 2586 gold pieces.
You spent 987 gold pieces at shops.

Inventory:

Hand Weapons
 t - the +7 dagger of Circular Logic (weapon) {freeze, rF+ rC+ Str+3}
   (You found it on level 2 of the Dungeon)

   Str+3:     It affects your strength (+3).
   rF+:       It protects you from fire.
   rC+:       It protects you from cold.
 C - the +0 trident of the Chewing Soothsayer {drain, rC- rN+ MP+9 SInv}
   (You found it on level 5 of the Lair of Beasts)

   rC-:       It makes you vulnerable to cold.
   rN+:       It protects you from negative energy.
   MP+9:      It affects your magic capacity (+9).
   SInv:      It lets you see invisible.
Armour
 b - the crystal ball of Wucad Mu (worn) {*channel}
   (You found it in a bailey)

   *Channel:  It often returns the magic spent to cast spells, but lowers their
   success rate.
   It always returns the magic spent on miscasts.
 w - a +0 cloak (worn)
 y - a +0 helmet (worn)
 z - a +0 pair of boots (worn)
 G - a +2 robe of willpower (worn)
 P - a +1 troll leather armour
Magical Staves
 K - a staff of fire
Jewellery
 r - a +4 ring of protection (left hand)
 A - an amulet of reflection (around neck)
 V - a ring of willpower (right hand)
 X - a ring of ice
Wands
 q - a wand of iceblast (14)
 B - a wand of flame (31)
 D - a wand of quicksilver (17)
 H - a wand of paralysis (22)
 R - a wand of mindburst (12)
Scrolls
 a - 5 scrolls of silence {unknown}
 c - 2 scrolls of fog
 d - 3 scrolls of vulnerability
 f - 2 scrolls of immolation
 g - a scroll of torment
 l - a scroll of noise
 s - 18 scrolls of identify
 F - a scroll of poison
 I - 2 scrolls of fear
 L - 2 scrolls of amnesia
 Q - 3 scrolls of enchant armour
 S - a scroll of acquirement {unknown}
 T - a scroll of revelation {unknown}
 W - 2 scrolls of enchant weapon
Potions
 h - 2 potions of brilliance {unknown}
 i - 5 potions of curing {unknown}
 j - 2 potions of lignification {unknown}
 k - 5 potions of degeneration {unknown}
 o - 4 potions of invisibility {unknown}
 p - 2 potions of resistance {unknown}
 u - 6 potions of ambrosia {unknown}
 v - 4 potions of mutation {unknown}
 E - 3 potions of cancellation {unknown}
 J - a potion of haste {unknown}
 O - 6 potions of magic
 U - 3 potions of might {unknown}
 Z - a potion of enlightenment {unknown}
Miscellaneous
 e - a lightning rod (4/4)
 N - a box of beasts
 Y - a phantom mirror


   Skills:
 + Level 17.1 Fighting
 - Level 6.1 Armour
 - Level 4.0 Dodging
 - Level 2.1 Stealth
 - Level 7.0 Spellcasting
 - Level 9.6 Conjurations
 - Level 9.3 Fire Magic
 + Level 14.7 Ice Magic
 + Level 17.2 Earth Magic


You had 3 spell levels left.
You knew the following spells:

 Your Spells              Type           Power      Damage    Failure   Level
a - Foxfire               Conj/Fire      100%       2x1d9     1%          1
b - Scorch                Fire           96%        2d9       1%          2
c - Flame Wave            Conj/Fire      49%        2d12      1%          4
d - Blink                 Tloc           14%        N/A       28%         2
e - Permafrost Eruption   Ice/Erth       33%        2x4d10    2%          6
f - Ozocubu's Refrigerat  Ice            32%        4d14      11%         7
g - Iskenderun's Battles  Conj           50%        2d10      3%          5

Your spell library contained the following spells:

 Spells                   Type           Power      Damage    Failure   Level
 Freeze                   Ice            100%       1d10      1%          1
 Magic Dart               Conj           100%       1d8       1%          1
 Sandblast                Erth           100%       2d20      1%          1
 Momentum Strike          Conj/Tloc      56%        3d9       1%          2
 Frozen Ramparts          Ice            100%       1d16      1%          3
 Hailstorm                Conj/Ice       57%        3d11      1%          3
 Ozocubu's Armour         Ice            64%        N/A       1%          3
 Stone Arrow              Conj/Erth      100%       3d13      1%          3
 Inner Flame              Hex/Fire       28%        N/A       3%          3
 Volatile Blastmotes      Fire/Tloc      56%        2d14      3%          3
 Summon Ice Beast         Ice/Summ       40%        N/A       6%          3
 Call Imp                 Summ           14%        N/A       28%         2
 Fugue of the Fallen      Necr           7%         N/A       45%         3
 Tukima's Dance           Hex            7%         N/A       45%         3
 Brom's Barrelling Bould  Conj/Erth      61%        2d8       1%          4
 Fulminant Prism          Conj/Alch      14%        3d9       7%          4
 Iskenderun's Mystic Bla  Conj/Tloc      28%        2d7       7%          4
 Sticky Flame             Fire/Alch      28%        2d7       8%          4
 Conjure Ball Lightning   Conj/Air       14%        3x3d6     54%         6
 Yara's Violent Unravell  Hex/Alch       3%         3d4       63%         5
 Sculpt Simulacrum        Ice/Alch       20%        N/A       73%         6
 Anguish                  Hex/Necr       3%         N/A       82%         4
 Cause Fear               Hex            3%         N/A       82%         4
 Dimensional Bullseye     Hex/Tloc       3%         N/A       82%         4
 Manifold Assault         Tloc           7%         N/A       82%         4
 Passage of Golubria      Tloc           7%         N/A       82%         4
 Summon Forest            Summ/Tloc      3%         N/A       98%         5
 Eringya's Noxious Bog    Alch           3%         4d6       98%         6
 Dispersal                Tloc           3%         N/A       100%        6
 Enfeeble                 Hex            3%         N/A       100%        7
 Summon Hydra             Summ           3%         N/A       100%        7
 Discord                  Hex            3%         N/A       100%        8
 Disjunction              Tloc           3%         N/A       100%        8


Dungeon Overview and Level Annotations

Branches:
Dungeon (13/15)            Temple (1/1) D:7            Lair (5/5) D:10
  Swamp (0/4) Lair:3       Spider (0/4) Lair:2        Slime (0/5) Lair:4
    Orc (2/2) D:9             Elf (2/3) Orc:2        Bailey (visited)
 Vaults: D:13-14

Altars:
Ashenzari
Cheibriados
Dithmenos
Elyvilon
Fedhas
Gozag
Hepliaklqana
Kikubaaqudgha
Makhleb
Nemelex Xobeh
Okawaru
Qazlal
Ru
Sif Muna
Trog
Uskayaw
Vehumet
Wu Jian
Xom
Yredelemnul
Zin
The Shining One
Beogh
Jiyva

Shops:
D:1 (   D:9 [:   D:12 *   Orc:2 ([=(   Elf:1 :


Innate Abilities, Weirdness & Mutations

You are immune to sickness and miasma.
Your stone body is resilient. (AC +12)
You are immune to poison.
Your large and strong wings let you fly.
You resist negative energy. (rN+)
You are resistant to electric shocks. (rElec)
You are resistant to unholy torment.
You are immune to petrification.


Message History

* * * LOW HITPOINT WARNING * * *
The +0 short sword of electrocution hits you.
* * * LOW HITPOINT WARNING * * *
Something hits you but does no damage.
Deactivating autopickup; reactivate with Ctrl-A.
The deep elf zephyrmancer casts a spell at you.
The bolt of lightning misses the +2 short sword of venom.
The bolt of lightning hits the +0 short sword of electrocution.
The +0 short sword of electrocution completely resists.
The bolt of lightning hits you! You resist.
* * * LOW HITPOINT WARNING * * *
The +3 antimagic double sword hits you but does no damage.
The deep elf zephyrmancer casts a spell.
The deep elf zephyrmancer blinks!
The deep elf zephyrmancer mumbles some strange words.
The deep elf zephyrmancer blinks!
The deep elf pyromancer hits you but does no damage.
Something hits you.
* * * LOW HITPOINT WARNING * * *
The +0 short sword of electrocution hits you.
* * * LOW HITPOINT WARNING * * *
You hear a shout!
You feel much better. The liquid fire burns you!
* * * LOW HITPOINT WARNING * * *
The +0 short sword of electrocution closely misses you.
The +3 antimagic double sword hits you!!
* * * LOW HITPOINT WARNING * * *
You feel your power leaking away.
The deep elf knight hits you with a +0 short sword.
* * * LOW HITPOINT WARNING * * *
The deep elf zephyrmancer points at you and mumbles some strange words.
The bolt of lightning misses the +1 trident of protection.
The bolt of lightning hits the +0 short sword of electrocution.
The +0 short sword of electrocution completely resists.
The bolt of lightning misses you.
You hear some strange, mumbled words.
A shard of ice appears from out of thin air!
The shard of ice hits you! You partially resist.
You die...

.........###..)
..................(.(...
....................e..§
.....^..................
(.......................
..........................
.....................e...
.....e...e..............e
......(e@(.§.......###...
#.....(({........#
##..(((((........#
###...).........#
######'E..e.........
#.......'.e.........#
..⌠.....##..........#
........##..........#
........###..........


You could see a deep elf knight (fast), a water elemental, a deep elf
pyromancer, 3 deep elf zephyrmancers and 10 dancing weapons.

Vanquished Creatures
  3 deep elf elementalists (Elf:1)
  A deep elf death mage (Elf:1)
  A deep elf annihilator (Elf:1)
  Azrael (Elf:1)
  A deep elf high priest (Elf:1)
  3 catoblepae
  5 hydras
  A merfolk avatar (Lair:5)
  4 death yaks
  9 two-headed ogres
  2 boulder beetles
  15 dancing weapons (Elf:1)
  Urug (Orc:2)
  5 orc high priests (Orc:2)
  A tengu warrior (D:13)
  13 deep elf knights
  A skyshark (Lair:5)
  A sea snake (Lair:5)
  An orb spider (shapeshifter) (Elf:2)
  A sea snake (shapeshifter) (Elf:1)
  15 deep elf archers
  6 thermic dynamos (Elf:1)
  Pikel (D:9)
  18 deep elf pyromancers
  10 orc knights
  20 deep elf zephyrmancers (Elf:1)
  An ugly thing (D:12)
  An orc sorcerer (Orc:1)
  An oklob plant (Lair:3)
  A manticore (D:11)
  4 cyclopes
  8 kobold blastminers (Orc:1)
  9 black mambas
  18 elephants
  2 torpor snails
  18 cane toads
  A gargoyle (D:12)
  2 unseen horror zombies (D:8)
  A rime drake (shapeshifter) (Elf:1)
  An unseen horror (D:10)
  8 komodo dragons
  2 kobold demonologists (D:11)
  8 rime drakes (Lair:5)
  A tengu conjurer (D:13)
  8 trolls
  A wind drake (Lair:5)
  4 hornets
  A wind drake (shapeshifter) (Elf:1)
  5 blink frogs (Lair:4)
  A snapping turtle (Lair:5)
  Sigmund (D:2)
  15 dream sheep
  An air elemental (Elf:1)
  4 wyverns
  A water elemental (Elf:1)
  3 wraiths
  6 fire elementals (Elf:1)
  31 yaks
  5 basilisks
  3 wargs
  A human (shapeshifter) (Elf:1)
  A golden eye (shapeshifter) (Elf:1)
  3 redbacks (Lair:2)
  2 steam dragons
  3 death yak simulacra (Orc:1)
  2 swamp worms (Lair:3)
  3 acid dragons
  Duvessa (D:6)
  15 water moccasins
  5 hell hounds (Elf:1)
  2 black bears
  3 ice beasts
  48 orc warriors
  A hornet zombie (D:8)
  9 wolves
  An ogre (Orc:2)
  A centaur (D:8)
  A phantom (D:6)
  A lemure (D:9)
  12 bullfrogs
  3 kobold brigands
  7 scorpions
  A wyvern zombie (D:8)
  14 wights
  Dowan (D:6)
  10 killer bees
  6 electric eels
  3 howler monkeys
  2 bombardier beetles
  A centaur zombie (D:8)
  2 gnoll boudas
  6 hounds
  23 orc priests
  4 iguanas
  17 orc wizards
  A polar bear simulacrum (Orc:1)
  2 troll simulacra (Orc:1)
  A wolf simulacrum (Orc:1)
  2 killer bee zombies (D:8)
  Robin (D:2)
  2 howler monkey zombies (D:8)
  7 gnolls
  4 adders
  A naga simulacrum (Orc:1)
  3 shadow imps
  A white imp (D:7)
  4 ufetubi
  3 dart slugs
  102 orcs
  6 ball pythons
  7 endoplasms
  A giant cockroach (D:4)
  12 goblins
  6 hobgoblins
  4 jackals
  20 kobolds
  7 bats
  4 frilled lizards
  3 rats
  A butterfly (Lair:5)
737 creatures vanquished.

Vanquished Creatures (collateral kills)
  16 foxfires
16 creatures vanquished.

Vanquished Creatures (others)
  A deep elf knight (Elf:2)
  2 orcs (Orc:1)
  986 foxfires
989 creatures vanquished.

Grand Total: 1742 creatures vanquished

Notes
Turn   | Place    | Note
-------+----------+-------------------------------------------
     0 | D:1      | Essalna the Gargoyle Fire Elementalist began the quest for
                  | the Orb.
     0 | D:1      | Reached XP level 1. HP: 10/10 MP: 3/3
   138 | D:1      | Found Jeugun's Antique Weapon Shoppe.
   294 | D:1      | Reached XP level 2. HP: 15/15 MP: 0/5
   776 | D:1      | Learned a level 2 spell: Scorch
  1146 | D:2      | Noticed Sigmund
  1149 | D:2      | Reached XP level 3. HP: 19/19 MP: 0/6
  1651 | D:3      | Reached XP level 4. HP: 20/24 MP: 0/8
  1878 | D:3      | Found a faded altar of an unknown god.
  1950 | D:3      | Reached XP level 5. HP: 28/28 MP: 1/9
  2813 | D:2      | Identified the +7 dagger of Circular Logic {freeze, rF+ rC+
                  | Str+3}
  2890 | D:2      | Killed Sigmund
  2891 | D:2      | Reached XP level 6. HP: 24/32 MP: 3/11
  3111 | D:2      | Noticed Robin
  3121 | D:2      | Killed Robin
  3635 | D:4      | Reached XP level 7. HP: 36/36 MP: 6/13
  3846 | D:4      | Reached skill level 5 in Fire Magic
  4512 | D:4      | Reached skill level 5 in Conjurations
  5023 | D:5      | Entered Level 5 of the Dungeon
  5396 | D:5      | Reached skill level 5 in Spellcasting
  5396 | D:5      | Reached XP level 8. HP: 41/41 MP: 9/15
  6175 | D:5      | Learned a level 4 spell: Flame Wave
  6178 | D:5      | Learned a level 2 spell: Blink
  7016 | D:6      | Noticed Duvessa
  7016 | D:6      | Noticed Dowan
  7029 | D:6      | Reached XP level 9. HP: 39/45 MP: 11/18
  7095 | D:6      | Killed Duvessa
  7207 | D:6      | Killed Dowan
  7919 | D:6      | You fall into a shaft and drop 3 floors!
  7949 | D:9      | Noticed a hornet
  7953 | D:9      | Reached skill level 1 in Fighting
  7956 | D:9      | Killed a hornet
  7957 | D:9      | Reached skill level 1 in Armour
  8117 | D:9      | Noticed a deep elf pyromancer
  8126 | D:9      | Killed a deep elf pyromancer
  8569 | D:8      | Noticed a two-headed ogre
  8578 | D:8      | Killed a two-headed ogre
  8579 | D:8      | Reached XP level 10. HP: 56/56 MP: 5/20
  9690 | D:7      | Reached skill level 5 in Fighting
  9691 | D:7      | Reached skill level 5 in Armour
 10564 | D:7      | Found a staircase to the Ecumenical Temple.
 10593 | Temple   | Entered the Ecumenical Temple
 10603 | Temple   | Became a worshipper of Vehumet
 10682 | D:7      | Identified the +0 robe of the Albatross {Fly}
 10775 | D:8      | Noticed a two-headed ogre
 10788 | D:8      | Reached XP level 11. HP: 49/64 MP: 6/21
 10788 | D:8      | Killed a two-headed ogre
 11423 | D:9      | Found Caxtiqec's Book Shoppe.
 11426 | D:9      | Bought a book of the Tundra for 440 gold pieces
 11433 | D:9      | Learned a level 6 spell: Permafrost Eruption
 11495 | D:9      | Found Leika's Antique Armour Shoppe.
 11505 | D:9      | Reached skill level 1 in Earth Magic
 11505 | D:9      | Reached * piety under Vehumet
 11505 | D:9      | Offered knowledge of Freeze by Vehumet.
 11506 | D:9      | Reached skill level 1 in Ice Magic
 11668 | D:9      | Found a glowing silver altar of Zin.
 11754 | D:9      | Found a staircase to the Orcish Mines.
 11787 | Orc:1    | Entered Level 1 of the Orcish Mines
 11787 | Orc:1    | Noticed an orc knight
 11787 | Orc:1    | Noticed an orc sorcerer
 11787 | Orc:1    | Noticed a two-headed ogre
 11827 | D:10     | Entered Level 10 of the Dungeon
 11885 | D:10     | Found a faded altar of an unknown god.
 11885 | D:10     | Found a basalt altar of Yredelemnul.
 11893 | D:10     | Found a snail-covered altar of Cheibriados.
 11895 | D:10     | Found a white marble altar of Elyvilon.
 11897 | D:10     | Found a faded altar of an unknown god.
 11963 | D:10     | Noticed a two-headed ogre
 11970 | D:10     | Noticed a two-headed ogre
 11972 | D:10     | Killed a two-headed ogre
 11982 | D:10     | Killed a two-headed ogre
 11992 | D:10     | Found a flagged portal.
 12014 | Bailey   | Entered a bailey
 12178 | Bailey   | Noticed an orc knight
 12206 | Bailey   | Killed an orc knight
 12482 | Bailey   | Found a large runed translucent door.
 12482 | Bailey   | Found a large runed translucent door.
 12483 | Bailey   | Noticed a deep elf pyromancer
 12484 | Bailey   | Found the crystal ball of Wucad Mu {*channel}
 12554 | Bailey   | Killed a deep elf pyromancer
 12645 | D:10     | Found a staircase to the Lair.
 12713 | D:10     | Identified the +3 leather armour "Satucozol" {Rampage rPois
                  | rF+ rC-}
 12932 | D:10     | Noticed a two-headed ogre
 12939 | D:10     | Killed a two-headed ogre
 12940 | D:10     | Reached skill level 5 in Earth Magic
 13230 | Lair:1   | Entered Level 1 of the Lair of Beasts
 13312 | Lair:1   | Reached ** piety under Vehumet
 13313 | Lair:1   | Offered knowledge of Sting by Vehumet.
 13314 | Lair:1   | Reached XP level 12. HP: 73/73 MP: 17/22
 13468 | Lair:1   | Reached skill level 5 in Ice Magic
 14294 | Lair:2   | Noticed a catoblepas
 14305 | Lair:2   | Noticed a catoblepas
 14340 | Lair:1   | Killed a catoblepas
 14503 | Lair:1   | Killed a catoblepas
 14714 | Lair:2   | Reached skill level 10 in Fighting
 14833 | Lair:2   | Offered knowledge of Momentum Strike by Vehumet.
 15006 | Lair:2   | Reached XP level 13. HP: 83/83 MP: 19/23
 15071 | Lair:2   | Reached *** piety under Vehumet
 15413 | Lair:2   | Found a hole to the Spider Nest.
 15512 | Lair:3   | Offered knowledge of Sticky Flame by Vehumet.
 16064 | Lair:3   | Reached skill level 10 in Earth Magic
 16577 | Lair:3   | Reached **** piety under Vehumet
 16602 | Lair:3   | Found a staircase to the Swamp.
 16716 | Lair:3   | Offered knowledge of Mephitic Cloud by Vehumet.
 17794 | Lair:4   | Found a viscous altar of Jiyva.
 17795 | Lair:4   | Found a staircase to the Slime Pits.
 17894 | Lair:4   | Gained mutation: Your large and strong wings let you fly.
                  | [Gargoyle growth]
 17894 | Lair:4   | Reached XP level 14. HP: 92/92 MP: 12/24
 18409 | Lair:4   | Reached skill level 10 in Ice Magic
 18644 | Lair:5   | Entered Level 5 of the Lair of Beasts
 18644 | Lair:5   | Found a broken altar of Ashenzari.
 18989 | Lair:5   | Reached ***** piety under Vehumet
 19013 | Lair:5   | Offered knowledge of Freezing Cloud by Vehumet.
 19768 | Lair:5   | Identified the +6 trident "Ixi Neapn" {heavy, Will+ Str+4}
 19780 | Lair:5   | Identified the +0 trident of the Chewing Soothsayer {drain,
                  | rC- rN+ MP+9 SInv}
 21949 | D:12     | Reached XP level 15. HP: 100/100 MP: 10/25
 22129 | D:12     | Found Guejoaja's Assorted Antiques.
 23047 | D:9      | Noticed Pikel
 23051 | D:9      | Killed Pikel
 23658 | Orc:2    | Entered Level 2 of the Orcish Mines
 23658 | Orc:2    | Found a staircase to the Elven Halls.
 24545 | Orc:2    | Offered knowledge of Ozocubu's Refrigeration by Vehumet.
 24607 | Orc:2    | Learned a level 7 spell: Ozocubu's Refrigeration
 24626 | Orc:2    | Found a roughly hewn altar of Beogh.
 25107 | Orc:2    | Noticed Urug
 25147 | Orc:2    | HP: 3/101 [orc knight/+0 bardiche (12)]
 25281 | Orc:2    | Killed Urug
 25282 | Orc:2    | Reached skill level 15 in Fighting
 25802 | Orc:2    | Found Cousewa's Antique Armour Emporium.
 25802 | Orc:2    | Found Zismeze's Weapon Emporium.
 25803 | Orc:2    | Found Itru's Weapon Emporium.
 25803 | Orc:2    | Found Vomp's Jewellery Shoppe.
 25810 | Orc:2    | Bought a pair of translucent gloves for 342 gold pieces
 25810 | Orc:2    | Identified the -2 pair of gloves "Kilugrie" {Dex+2 SInv}
                  | (You bought it in a shop on level 2 of the Orcish Mines)
 25826 | Orc:2    | Bought a pitted robe for 205 gold pieces
 25826 | Orc:2    | Identified the +2 robe of Xoik {Rampage rElec rCorr Int-2}
                  | (You bought it in a shop on level 2 of the Orcish Mines)
 25924 | Elf:1    | Entered Level 1 of the Elven Halls
 26029 | Elf:1    | Reached skill level 15 in Earth Magic
 26559 | Elf:1    | Noticed Azrael
 26678 | Elf:1    | Killed Azrael
 26679 | Elf:1    | Reached XP level 16. HP: 109/109 MP: 24/26
 26680 | Elf:1    | Offered knowledge of Starburst by Vehumet.
 27582 | Elf:1    | Identified the +5 great sword "Sidagiff" {pain, Str+3
                  | Stlth-}
 27919 | Elf:1    | Got the Notes on the Variable Voyage
 28494 | Elf:1    | Found Lalah's Book Emporium.
 28517 | Elf:1    | Offered knowledge of Iskenderun's Battlesphere by Vehumet.
 28689 | Elf:1    | Learned a level 5 spell: Iskenderun's Battlesphere
 28988 | Elf:2    | Noticed a deep elf blademaster
 29005 | Elf:2    | Found a runed translucent gate.
 29005 | Elf:2    | Found a runed translucent gate.
 29005 | Elf:2    | Found a runed translucent gate.
 29020 | Elf:2    | Reached XP level 17. HP: 31/117 MP: 24/27
 29032 | Elf:2    | HP: 1/117 [deep elf zephyrmancer/bolt of lightning (5)]
 29034 | Elf:2    | Killed from afar by a deep elf knight

Illustrated notes

Levels and vault maps discovered:
D:1:      tarquinn_simple_flora_water_a, layout_loops_ring, serial_shops,
          nicolae_shop_hallway_plus, roderic_roman_lattice, nicolae_the_louvre
D:2:      layout_basic, grunt_decor_one_mirror, kennysheep_generic_room_15,
          uniq_sigmund, uniq_robin
D:3:      layout_loops_ring, dreamdust_ecumenical_altar_hidden_monk_grotto,
          roderic_serpentine_path
D:4:      layout_basic, serial_forest, infiniplex_forest_join,
          infiniplex_forest_straight_1, infiniplex_forest_lined_ring,
          infiniplex_forest_split, infiniplex_forest_clump_curved,
          infiniplex_forest_3_way, infiniplex_forest_clump_cross,
          hex_intersection
D:5:      layout_basic, serial_bayou_pond_b, minmay_fountain_box,
          serial_bayou_lagoon_b
D:6:      layout_basic, serial_co_window_serial, co_window_cross_1,
          co_window_paths_b, co_window_paths_a, co_window_paths_a,
          co_window_corner_a, co_window_unsneaky_path_b,
          co_window_of_opportunity_b, co_window_corner_ca, co_window_cross_2,
          co_window_corner_cb, co_window_broadway_b, co_window_corner_b,
          co_window_4corner_a, glass_columns_b, glass_columns_a,
          glass_columns_a, glass_columns_a, uniq_duvessa
D:7:      layout_basic, temple_hall, st_stairs_5, grunt_ministairs_4,
          nicolae_tricolors
D:8:      layout_basic, serial_undead, serial_undead_d, serial_undead_a,
          serial_undead_b, serial_undead_e, kennysheep_generic_room_4
D:9:      layout_rooms, zin_treasury, orc_0_dummy, serial_shops,
          nicolae_shop_dealshenge, kennysheep_mini, special_room
          [special_room_orc], eino_small_chamber_without_monster,
          guppyfry_early_elven_hall, uniq_pikel
D:10:     layout_rooms, chequers_temple_overflow_minitemple, lair_entry_dummy,
          enter_bailey_3
D:11:     layout_loops_ring
D:12:     layout_layer_cave, serial_shops, shop_statue
D:13:     layout_basic, gammafunk_ghost_hive
Temple:   nicolae_temple_no_exploring_needed
Lair:1:   layout_roguey, serial_bayou_crossing
Lair:2:   layout_gridlike, spider_nest_entry_webs,
          nicolae_quartered_pool_impasse, serial_bayou_lake_a
Lair:3:   layout_regular_city, palyth_hydra_swamp_entry, wad_woods_river_03,
          nicolae_lair_grazing_beasts [nicolae_sub_lair_graze_edge,
          nicolae_sub_lair_graze_edge, nicolae_sub_lair_graze_edge,
          nicolae_sub_lair_graze_edge]
Lair:4:   layout_misc_corridors, slime_entry_1, minmay_shattered_shrine,
          serial_bayou_shore_b, serial_bayou_shore_a, lemuel_fruit_fields
Lair:5:   gammafunk_lair_ancient_temple, layout_cave_pods, basic_altar,
          lemuel_fruit_fields
Orc:1:    layout_caves, portal_ice_cave_entry_ice_simulacra
Orc:2:    st_orc_pillars, layout_caves, basic_altar, uniq_urug
Elf:1:    minmay_the_grid_square_5x5_5x5_mashed
          [minmay_the_grid_square_5x5_fat_x,
          minmay_the_grid_square_5x5_spiral_small,
          minmay_the_grid_square_5x5_empty, minmay_the_grid_square_5x5_bridge,
          minmay_the_grid_square_5x5_n, minmay_the_grid_square_5x5_dogpile,
          minmay_the_grid_square_5x5_prize_monsterx,
          minmay_the_grid_square_5x5_tetrominoes,
          minmay_the_grid_square_5x5_prize_open,
          minmay_the_grid_square_5x5_pentomino_r, minmay_the_grid_square_5x5_v,
          minmay_the_grid_square_5x5_bite,
          minmay_the_grid_square_5x5_prize_waves,
          minmay_the_grid_square_5x5_six,
          minmay_the_grid_square_5x5_checkered_sparse,
          minmay_the_grid_square_5x5_two_walls_a,
          minmay_the_grid_square_5x5_prize_snowflake,
          minmay_the_grid_square_5x5_lines,
          minmay_the_grid_square_5x5_prize_itemx,
          minmay_the_grid_square_5x5_sharp_hourglass,
          minmay_the_grid_square_5x5_spiral, minmay_the_grid_square_5x5_minibox,
          minmay_the_grid_square_5x5_mess, minmay_the_grid_square_5x5_three,
          minmay_the_grid_square_5x5_tri_point], layout_loops_ring,
          serial_shops, nicolae_shop_tiny_statue_garden,
          serial_sigils_hangedman_shear, uniq_azrael
Elf:2:    nicolae_elf_blades_crystal_corner, layout_geoelf_octagon, uniq_roxanne

Skill      XL: |  1  2  3  4  5  6  7  8  9 10 11 12 13 14 15 16 |
---------------+-------------------------------------------------+-----
Conjurations   | 2 3 4 5 7 8 9 |  9.6
Spellcasting   | 3 4 5 6 7 |  7.0
Fire Magic     | 4 5 7 8 9 |  9.3
Fighting       | 3 5 8 10 12 14 15 17 | 17.1
Armour         | 3 5 6 |  6.1
Dodging        | 3 4 |  4.0
Earth Magic    | 5 9 11 13 15 17 | 17.2
Ice Magic      | 4 7 9 11 13 14 | 14.7
Stealth        | |  2.1

Action                     |  1- 3 |  4- 6 |  7- 9 | 10-12 | 13-15 | 16-18 || total
---------------------------+-------+-------+-------+-------+-------+-------++-------
  Melee: Quick blade       |    60 |    29 |       |       |       |       ||    89
         Unarmed           |     2 |       |       |       |       |       ||     2
         Dagger            |       |       |    42 |   130 |    79 |    13 ||   264
   Cast: Foxfire           |    48 |    73 |   204 |   220 |    39 |       ||   584
         Scorch            |     2 |     1 |    45 |    68 |    27 |     3 ||   146
         Flame Wave        |       |       |     2 |    76 |    29 |     5 ||   112
         Blink             |       |       |     2 |       |     5 |     1 ||     8
         Permafrost Erupti |       |       |       |       |   368 |   113 ||   481
         Ozocubu's Refrige |       |       |       |       |       |     1 ||     1
  Evoke: Wand              |       |       |       |    13 |       |       ||    13
    Use: Scroll            |       |       |     9 |     4 |     1 |     8 ||    22
         Potion            |       |       |       |     1 |     1 |     7 ||     9
   Stab: Sleeping          |     2 |     1 |       |       |       |       ||     3
         Distracted        |       |       |       |       |     1 |       ||     1
 Armour: Robe              |    50 |    28 |    83 |   188 |    27 |   125 ||   501
         Troll leather arm |       |       |       |   146 |   262 |       ||   408
  Dodge: Dodged            |    52 |    21 |    47 |   262 |   147 |    41 ||   570
  Block: Other             |       |       |    15 |    63 |       |       ||    78
         Reflection        |       |       |       |     2 |       |       ||     2

Table legend: (Time is in decaauts)
 A = Elapsed time spent in this place.
 B = Non-inter-level travel time spent in this place.
 C = Inter-level travel time spent in this place.
 D = Time resting spent in this place.
 E = Time spent auto-exploring this place.
 F = Levels seen in this place.
 G = Mean time per level.
                   A        B        C        D        E       F      G
               +--------+--------+--------+--------+--------+-----+--------+
         Total |  29115 |  28087 |   1028 |   1758 |  22118 |  24 | 1213.1 |
       Dungeon |  15706 |  15023 |    683 |    373 |  12507 |  13 | 1208.2 |
        Temple |     18 |     11 |      7 |      0 |      0 |   1 |   18.0 |
          Lair |   7245 |   7052 |    193 |    298 |   5778 |   5 | 1449.0 |
  Orcish Mines |   3496 |   3376 |    120 |   1087 |   1916 |   2 | 1748.0 |
   Elven Halls |   2036 |   2012 |     24 |      0 |   1504 |   2 | 1018.0 |
        Bailey |    611 |    611 |      0 |      0 |    413 |   1 |  611.0 |
               +--------+--------+--------+--------+--------+-----+--------+

Top non-repeatable levels by time:
   Orc:2: 2872 daAuts
   Elf:1: 1914 daAuts
     D:9: 1758 daAuts
  Lair:5: 1741 daAuts
     D:6: 1664 daAuts
     D:4: 1662 daAuts
  Lair:4: 1511 daAuts
  Lair:3: 1490 daAuts
     D:7: 1432 daAuts
    D:12: 1417 daAuts
     D:3: 1348 daAuts
  Lair:2: 1265 daAuts
     D:5: 1248 daAuts
  Lair:1: 1235 daAuts
     D:8: 1187 daAuts
